 Dungeon Crawl Stone Soup version 0.23.2-40-g277498a001 (webtiles) character file.

Game seed: 1264028178921379675

974 Fallub the Ruffian (level 7, -5/67 HPs)
             Began as a Troll Monk on Sept 29, 2019.
             Slain by a gnoll
             ... wielding a +0 spear
              (7 damage)
             ... while paralysed by Grinder
             ... on level 6 of the Dungeon.
             The game lasted 00:26:38 (3775 turns).

Fallub the Ruffian (Troll Monk)                     Turns: 3775, Time: 00:26:39

Health: -5/67      AC:  8    Str: 27    XL:     7   Next: 95%
Magic:  6/6        EV:  1    Int:  6    God:
Gold:   284        SH:  0    Dex: 20    Spells: 6/6 levels left

rFire    . . .     SeeInvis .     - Unarmed
rCold    . . .     Gourm    +   (no shield)
rNeg     . . .     Faith    .   a - +0 robe
rPois    .         Spirit   .   (helmet restricted)
rElec    .         Reflect  +   (no cloak)
rCorr    .         Harm     .   (gloves unavailable)
MR       .....                  (boots unavailable)
Stlth    +++.......             u - +2 amulet of reflection
HPRegen  0.61/turn              r - +3 ring of dexterity
MPRegen  0.10/turn              p - +2 ring of protection

@: paralysed, mighty, agile
A: large, unfitting armour, claws 3, fast metabolism 3, gourmand, regeneration
1, shaggy fur 1, tough skin 3
a: no special abilities


You were on level 6 of the Dungeon.
You were not hungry.

You visited 2 branches of the dungeon, and saw 7 of its levels.

You collected 284 gold pieces.

Inventory:

Armour
 a - a +0 robe (worn)
Jewellery
 l - an uncursed ring of see invisible
 p - a +2 ring of protection (right claw)
 r - a +3 ring of dexterity (left claw)
 u - a +2 amulet of reflection (around neck)
Wands
 m - a wand of acid (4)
 v - a wand of flame (16)
Scrolls
 g - a scroll of random uselessness {unknown}
 i - 5 scrolls of teleportation
 j - 2 scrolls of identify
 n - a scroll of remove curse
 o - a scroll of magic mapping
Potions
 c - a potion of flight {unknown}
 d - 2 potions of mutation {unknown}
 e - 3 potions of heal wounds {unknown}
 f - 3 potions of curing
 h - 2 potions of agility
 k - a potion of lignification {unknown}
 q - 2 potions of magic {unknown}
 s - a potion of might
 t - a potion of haste {unknown}
Comestibles
 b - 7 rations


   Skills:
 + Level 3.3 Fighting
 + Level 4.1 Dodging
 + Level 2.3 Stealth
 + Level 7.5 Unarmed Combat


You had 6 spell levels left.
You didn't know any spells.
Your spell library contained the following spells:

 Spells                   Type           Power        Failure   Level  Hunger
 Animate Skeleton         Necr           N/A          45%         1    ##.....
 Apportation              Tloc           #.....       45%         1    ##.....
 Beastly Appendage        Tmut           #.....       45%         1    ##.....
 Confusing Touch          Hex            #.....       45%         1    ##.....
 Freeze                   Ice            #...         45%         1    ##.....
 Summon Small Mammal      Summ           #...         45%         1    ##.....
 Sticks to Snakes         Tmut           #.......     58%         2    ###....
 Throw Frost              Conj/Ice       #.....       58%         2    ###....
 Ozocubu's Armour         Chrm/Ice       #.......     83%         3    ####...
 Spider Form              Tmut/Pois      #.........   83%         3    ####...
 Ice Form                 Ice/Tmut       #.......     99%         4    #####..
 Summon Ice Beast         Ice/Summ       #.......     99%         4    #####..
 Throw Icicle             Conj/Ice       #.......     99%         4    #####..
 Blade Hands              Tmut           #.........   100%        5    ######.


Dungeon Overview and Level Annotations

Branches:
Dungeon (6/15)             Temple (1/1) D:6

Altars:
Ashenzari
Cheibriados
Dithmenos
Elyvilon
Fedhas
Gozag
Kikubaaqudgha
Makhleb
Nemelex Xobeh
Qazlal
Ru
Sif Muna
Trog
Uskayaw
Vehumet
Xom
Yredelemnul
Zin
The Shining One

Shops:
D:6 !

Annotations:
D:6 Grinder


Innate Abilities, Weirdness & Mutations

You are too large for most types of armour.
You have claws for hands.
Your metabolism is lightning-fast.
You like to eat raw meat.
Your natural rate of healing is unusually fast.
You are covered in fur. (AC +1)
You have extremely tough skin. (AC +3)


Message History

Grinder gestures at you.
You suddenly lose the ability to move!
The gnoll hits you but does no damage.
The gnoll hits you from afar with a +0 spear.
Grinder gestures at you. Pain shoots through your body!
* * * LOW HITPOINT WARNING * * *
The gnoll hits you with a +0 spear.
* * * LOW HITPOINT WARNING * * *
The gnoll hits you from afar with a +0 spear.
* * * LOW HITPOINT WARNING * * *
The gnoll hits you but does no damage. x3
The gnoll hits you from afar with a +0 spear.
* * * LOW HITPOINT WARNING * * *
Grinder gestures at you. Pain shoots through your body!
* * * LOW HITPOINT WARNING * * *
The gnoll hits you but does no damage.
The gnoll hits you from afar with a +0 spear!
You die...

# ### ###.. ##...#
#..#.. #....#
#################..#..
#..gg@5...............
#.####################
######## #.......
#.###### #.# #.#


You could see Grinder and 2 gnolls.

Vanquished Creatures
  2 phantoms
  An ice beast (D:5)
  A centaur (D:5)
  A scorpion (D:2)
  2 howler monkeys
  2 crimson imps
  A gnoll shaman (D:6)
  A hound (D:5)
  2 orc wizards (D:5)
  3 worker ants
  7 adders
  6 gnolls
  2 shadow imps (D:5)
  2 oozes
  An adder skeleton (D:4)
  2 worms
  A dart slug (D:1)
  3 leopard geckos
  8 orcs
  3 ball pythons
  A giant cockroach (D:1)
  10 goblins
  7 hobgoblins
  10 jackals
  2 kobolds
  A quokka (D:3)
  12 bats
  4 frilled lizards
  A quokka zombie (D:5)
  5 rats
104 creatures vanquished.

Notes
Turn   | Place    | Note
-------+----------+-------------------------------------------
     0 | D:1      | Fallub the Troll Monk began the quest for the Orb.
     0 | D:1      | Reached XP level 1. HP: 22/22 MP: 0/0
   224 | D:1      | Reached XP level 2. HP: 29/29 MP: 1/1
   436 | D:1      | Reached XP level 3. HP: 36/36 MP: 2/2
   601 | D:2      | Noticed a scorpion
   603 | D:2      | Killed a scorpion
   603 | D:2      | Reached skill level 4 in Unarmed Combat
   603 | D:2      | Reached XP level 4. HP: 44/44 MP: 3/3
   748 | D:2      | Found a faded altar of an unknown god.
   987 | D:2      | Reached XP level 5. HP: 52/52 MP: 4/4
  1585 | D:4      | Noticed a phantom
  1590 | D:4      | Reached skill level 5 in Unarmed Combat
  1609 | D:4      | Killed a phantom
  1609 | D:4      | Reached XP level 6. HP: 50/61 MP: 5/5
  2071 | D:4      | Found a sparkling altar of Nemelex Xobeh.
  2118 | D:5      | Entered Level 5 of the Dungeon
  2196 | D:5      | Reached skill level 6 in Unarmed Combat
  2285 | D:5      | Reached XP level 7. HP: 59/67 MP: 6/6
  2576 | D:5      | Found a glowing golden altar of the Shining One.
  3101 | D:6      | Found a staircase to the Ecumenical Temple.
  3130 | D:6      | Reached skill level 7 in Unarmed Combat
  3135 | Temple   | Entered the Ecumenical Temple
  3637 | D:6      | Found Duuj's Distillery.
  3748 | D:6      | Noticed Grinder
  3770 | D:6      | Paralysed by Grinder for 6 turns
  3774 | D:6      | HP: 1/67 [Grinder/nerve-wracking pain (5)]
  3775 | D:6      | Slain by a gnoll

Skill      XL: |  1  2  3  4  5  6  7 |
---------------+----------------------+-----
Unarmed Combat | 4 5 6 7 |  7.5
Dodging        | 3 4 |  4.1
Fighting       | 3 |  3.3
Stealth        | 2 |  2.3

Action                   |  1- 3 |  4- 6 |  7- 9 || total
-------------------------+-------+-------+-------++-------
Melee: Unarmed           |    42 |   158 |    77 ||   277
       Punch             |       |     2 |     1 ||     3
  Use: Scroll            |       |    12 |       ||    12
       Potion            |       |       |     5 ||     5
 Stab: Sleeping          |     5 |     2 |     1 ||     8
       Distracted        |       |       |     1 ||     1
  Eat: Chunk             |    11 |    10 |    12 ||    33
Armor: Robe              |    21 |    50 |    18 ||    89
Dodge: Dodged            |    13 |    77 |    38 ||   128
Block: Other             |       |     2 |     5 ||     7
